 Dungeon Crawl Stone Soup version 0.31-a0-692-gf03d1854d5 (webtiles) character file.

Game seed: 8541051125527024461

304 qw the Shooter (level 6, -3/37 HPs)
             Began as a Gargoyle Hunter on Sept 6, 2023.
             Slain by Edmund
             ... wielding a +2 flail of protection
              (7 damage)
             ... on level 4 of the Dungeon.
             The game lasted 00:01:05 (2516 turns).

qw the Shooter (Gargoyle Hunter)                    Turns: 2516, Time: 00:01:06

Health: -3/37      AC: 10    Str: 15    XL:     6   Next: 38%
Magic:  0/6        EV: 11    Int:  9    God:
Gold:   141        SH:  0    Dex: 15    Spells: 5/5 levels left

rFire   . . .        Y - +1 shortbow
rCold   . . .        (shield currently unavailable)
rNeg    + . .        g - +0 ring mail
rPois   inf          (no helmet)
rElec   +            (no cloak)
rCorr   .            b - +0 pair of gloves
SInv    .            (no boots)
Will    .....        m - amulet of guardian spirit
Stlth   +            (no ring)
HPRegen 0.26/turn    (no ring)
MPRegen 0.10/turn

%: guardian spirit
@: no status effects
A: sickness immunity, AC +4, negative energy resistance 1, electricity
resistance, torment resistance 1, petrification resistance
a: no special abilities


You were on level 4 of the Dungeon.
You visited 1 branch of the dungeon, and saw 4 of its levels.

You collected 141 gold pieces.


Innate Abilities, Weirdness & Mutations

You are immune to sickness and miasma.
Your stone body is resilient. (AC +4)
You are immune to poison.
You resist negative energy. (rN+)
You are resistant to electric shocks. (rElec)
You are resistant to unholy torment.
You are immune to petrification.


   Skills:
 + Level 3.6 Fighting
 - Level 6.7 Ranged Weapons
 - Level 1.5 Armour
 - Level 1.5 Dodging
 - Level 1.1 Stealth


You had 5 spell levels left.
You didn't know any spells.
Your spell library was empty.

Inventory:

Hand Weapons
 Y - a +1 shortbow (weapon)
Armour
 b - a +0 pair of gloves (worn)
 g - a +0 ring mail (worn)
Jewellery
 m - an amulet of guardian spirit (around neck)
Potions
 a - a potion of attraction {unknown}
 c - a potion of brilliance {unknown}
 f - a potion of enlightenment {unknown}
 i - 2 potions of curing
 j - a potion of might {unknown}
 l - a potion of resistance {unknown}
 n - a potion of heal wounds {unknown}

Dungeon Overview and Level Annotations

Branches:
Dungeon (4/15)
 Temple: D:4-7

Altars:
Elyvilon

Shops:
D:1 =

Annotations:
D:4 Edmund


Message History

Edmund hits you with a +2 flail of protection.
You shoot an arrow.
The arrow hits Edmund but does no damage.
Edmund is lightly wounded.
Edmund barely misses you.
You shoot an arrow. The arrow barely misses Edmund.
The arrow hits the gnoll!
You kill the gnoll!
Edmund hits you with a +2 flail of protection.
You shoot an arrow. The arrow hits Edmund.
Edmund is lightly wounded.
Edmund hits you with a +2 flail of protection!
The gnoll hits you but does no damage.
You shoot an arrow. The arrow closely misses Edmund.
The arrow hits the gnoll!
You kill the gnoll!
Edmund hits you with a +2 flail of protection.
Edmund barely misses you.
You shoot an arrow. The arrow barely misses Edmund.
Edmund hits you with a +2 flail of protection.
You shoot an arrow. The arrow hits Edmund.
Edmund is lightly wounded.
Edmund closely misses you.
You shoot an arrow.
The arrow hits Edmund but does no damage.
Edmund is lightly wounded.
Edmund hits you but does no damage.
You shoot an arrow.
The arrow hits Edmund but does no damage.
Edmund is lightly wounded.
Edmund closely misses you.
You shoot an arrow.
The arrow hits Edmund but does no damage.
Edmund is lightly wounded.
Edmund hits you with a +2 flail of protection.
Edmund hits you but does no damage.
You shoot an arrow. The arrow closely misses Edmund.
Edmund barely misses you.
You shoot an arrow. The arrow barely misses Edmund.
Edmund hits you with a +2 flail of protection!
You die...
Edmund whines, "They better pay attention to me now!"

#....# #....# .@ #
##....##....
#####.#
######....%..g.gg
.<....###....#..).#
.......##....#....#
.......##......#)##
.......##.....##@#
.....).##....###@#
.......##....# #.#
.########....# #.#
.(.##........# #..
##.#.)######## ###
#.#.## ##.#.####...
....>.......
####.####.(.


You could see Edmund.

Vanquished Creatures
  Sigmund (D:3)
  4 gnolls (D:4)
  3 adders
  6 orcs
  7 ball pythons
  8 endoplasms
  A giant cockroach (D:1)
  4 hobgoblins
  6 jackals
  5 kobolds
  2 quokkas (D:2)
  7 bats
  2 frilled lizards (D:2)
  8 goblins
  2 rats (D:2)
66 creatures vanquished.

Notes
Turn   | Place    | Note
-------+----------+-------------------------------------------
     0 | D:1      | qw the Gargoyle Hunter began the quest for the Orb.
     0 | D:1      | Reached XP level 1. HP: 12/12 MP: 1/1
     0 | D:1      | 0 ||| qw: Version: 0.3-a-76-g4403597
     0 | D:1      | 0 ||| qw: Game counter: 262
     0 | D:1      | 0 ||| qw: Melee chars always use a shield: true
     0 | D:1      | 0 ||| qw: God list: Okawaru
     0 | D:1      | 0 ||| qw: Allow faded altars: false
     0 | D:1      | 0 ||| qw: Do Orc after clearing Dungeon:15 true
     0 | D:1      | 0 ||| qw: Do second Lair branch before Depths: true
     0 | D:1      | 0 ||| qw: Lair rune preference: random
     0 | D:1      | 0 ||| qw: Goals: Normal
     0 | D:1      | 0 ||| PLANNING D:1-11
    69 | D:1      | Found Tatreal's Jewellery Emporium.
    75 | D:1      | 75 ||| SHOPLISTING amulet of faith (520 gold, have 8).
    75 | D:1      | 75 ||| SHOPLISTING amulet of reflection (390 gold, have 8).
    75 | D:1      | 75 ||| SHOPLISTING amulet of the acrobat (390 gold, have
                  | 8).
    75 | D:1      | 75 ||| SHOPLISTING ring of fire (325 gold, have 8).
    75 | D:1      | 75 ||| SHOPLISTING ring of see invisible (195 gold, have
                  | 8).
    75 | D:1      | 75 ||| SHOPLISTING ring of willpower (325 gold, have 8).
   443 | D:1      | Reached XP level 2. HP: 12/17 MP: 2/2
   729 | D:1      | 729 ||| UPGRADING to +0 ring mail.
   739 | D:1      | 739 ||| DROPPING +0 leather armour.
   740 | D:1      | 740 ||| DROPPING ring of wizardry.
   741 | D:1      | 741 ||| READING scroll labelled GUWOCU MEAKUR.
   742 | D:1      | 742 ||| DRINKING 2 bubbling ruby potions.
   743 | D:1      | 743 ||| DRINKING 2 fuming black potions.
   744 | D:1      | 744 ||| DROPPING scroll of butterflies.
   745 | D:1      | 745 ||| DROPPING potion of invisibility.
   811 | D:2      | Reached skill level 1 in Armour
   828 | D:2      | Reached XP level 3. HP: 21/21 MP: 3/3
   906 | D:2      | 906 ||| FLEEEEING.
   906 | D:2      | Found a white marble altar of Elyvilon.
   911 | D:2      | 911 ||| STAIRDANCE
   920 | D:1      | 920 ||| UPGRADING to +0 pair of gloves.
  1048 | D:2      | Reached skill level 5 in Ranged Weapons
  1183 | D:2      | Found a faded altar of an unknown god.
  1478 | D:2      | Reached XP level 4. HP: 27/27 MP: 4/4
  1481 | D:2      | 1481 ||| READING scroll labelled PUXAAP EFUMEL.
  1482 | D:2      | 1482 ||| READING scroll labelled NEDIPN QIAHYI.
  1490 | D:2      | HP: 5/27 [orc/+0 war axe (2)]
  1492 | D:2      | HP: 2/27 [orc/+0 mace (1)]
  1729 | D:3      | 1729 ||| STAIRDANCE
  1731 | D:3      | 1731 ||| STAIRDANCE
  1739 | D:3      | 1739 ||| STAIRDANCE
  1742 | D:2      | Reached skill level 3 in Fighting
  2052 | D:3      | Noticed Sigmund
  2064 | D:3      | Killed Sigmund
  2065 | D:3      | Reached skill level 6 in Ranged Weapons
  2065 | D:3      | Reached XP level 5. HP: 14/32 MP: 5/5
  2065 | D:3      | Reached XP level 6. HP: 16/37 MP: 6/6
  2082 | D:3      | 2082 ||| FLEEEEING.
  2295 | D:3      | 2295 ||| UPGRADING to amulet of guardian spirit.
  2300 | D:3      | 2300 ||| READING scroll labelled DAPNONTOBU.
  2301 | D:3      | 2301 ||| READING scroll labelled WIMUL KUJU.
  2302 | D:3      | 2302 ||| READING scroll labelled DOORUZ YVEIKHU.
  2307 | D:3      | 2307 ||| READING scroll labelled EREFIA QOLAH.
  2487 | D:4      | Noticed Edmund
  2488 | D:4      | 2488 ||| Stepping ~*~*~tactically~*~*~ (retreating).
  2494 | D:4      | 2494 ||| Stepping ~*~*~tactically~*~*~ (retreating).
  2495 | D:4      | 2495 ||| Stepping ~*~*~tactically~*~*~ (retreating).
  2496 | D:4      | 2496 ||| Stepping ~*~*~tactically~*~*~ (retreating).
  2508 | D:4      | HP: 9/37 [Edmund/+2 flail of protection (9)]
  2510 | D:4      | HP: 4/37 [Edmund/+2 flail of protection (2)]
  2516 | D:4      | Slain by Edmund

Levels and vault maps discovered:
D:1:      matt_arrival_los_fun, layout_basic, serial_shops,
          nicolae_shop_advertising_works [nicolae_subvault_shop_adworks]
D:2:      layout_basic, basic_altar, basic_ecumenical_altar, st_stairs_11,
          wad_orctagon
D:3:      layout_basic, minmay_statues_item, uniq_sigmund
D:4:      layout_basic, uniq_edmund

Skill      XL: |  1  2  3  4 |
---------------+-------------+-----
Armour         | 1 |  1.5
Ranged Weapons | 5 6 |  6.7
Fighting       | 3 |  3.6
Dodging        | |  1.5
Stealth        | |  1.1

Action                     |  1- 3 |  4- 6 || total
---------------------------+-------+-------++-------
   Fire: Shortbow          |   128 |   135 ||   263
    Use: Potion            |     2 |       ||     2
         Scroll            |     1 |     6 ||     7
 Armour: Leather armour    |    10 |       ||    10
         Ring mail         |    43 |    69 ||   112
  Dodge: Dodged            |    54 |    70 ||   124

Table legend:
 A = Non-vault XP
 B = Vault XP
 C = Vault XP percentage of total XP
 D = Non-vault monster count
 E = Vault monster count
 F = Vault count percentage of total count
                 A         B        C        D         E       F
            +---------+---------+-------+---------+---------+-------
      Total |     187 |     248 |  57.0 |      58 |       8 |  12.1
            +---------+---------+-------+---------+---------+-------
        D:1 |      12 |       0 |   0.0 |       7 |       0 |   0.0
        D:2 |      70 |      17 |  19.5 |      26 |       7 |  21.2
        D:3 |      41 |     231 |  84.9 |      17 |       1 |   5.6
        D:4 |      64 |       0 |   0.0 |       8 |       0 |   0.0
            +---------+---------+-------+---------+---------+-------
